 Dungeon Crawl Stone Soup version 0.24.1-14-gf8d2b509d9 (webtiles) character file.

Game seed: 2168417264922188819, levelgen mode: deterministic

547 Gildeon the Sneak (level 7, -3/43 HPs)
             Began as an Octopode Transmuter on May 29, 2020.
             Slain by Sigmund
             ... wielding a +0 scythe
              (9 damage)
             ... on level 3 of the Dungeon.
             The game lasted 00:10:15 (3892 turns).

Gildeon the Sneak (Octopode Transmuter)             Turns: 3892, Time: 00:10:16

Health: -3/43      AC:  1    Str: 11    XL:     7   Next: 28%
Magic:  13/13      EV: 22    Int: 15    God:
Gold:   211        SH:  0    Dex: 18    Spells: 4/14 levels left

rFire    . . .     SeeInvis .     - Unarmed
rCold    . . .     Gourm    .   (no shield)
rNeg     + . .     Faith    .   (helmet restricted)
rPois    .         Spirit   .   (no amulet)
rElec    .         Reflect  .   s - ring of positive energy
rCorr    .         Harm     .   u - +3 ring of evasion
MR       .....                  (no ring)
Stlth    +++++.....             (no ring)
HPRegen  0.14/turn              (no ring)
MPRegen  0.13/turn              (no ring)
                                (no ring)
                                (no ring)

@: agile, appendage (expiring)
A: almost no armour, stealthy swim, amphibious, 8 rings, constrict 8, tentacle
spike 3, camouflage 1, gelatinous body 1
a: End Transformation


You were on level 3 of the Dungeon.
You were not hungry.
One of your tentacles had a temporary spike.
You visited 1 branch of the dungeon, and saw 4 of its levels.

You collected 211 gold pieces.

Inventory:

Hand Weapons
 t - a +0 hunting sling
 v - a +0 morningstar
Missiles
 a - 68 arrows
 d - a throwing net (quivered)
 e - 68 sling bullets
 g - 206 stones
Jewellery
 s - a ring of positive energy (left tentacle)
 u - a +3 ring of evasion (right tentacle)
Wands
 w - a wand of flame (11)
Scrolls
 b - a scroll of amnesia {unknown}
 f - 2 scrolls of teleportation
 i - a scroll of identify
 j - 2 scrolls of magic mapping
 k - 4 scrolls of remove curse
 l - 2 scrolls of immolation {unknown}
 m - a scroll of fog {unknown}
 n - a scroll of enchant armour {unknown}
 o - 2 scrolls of enchant weapon {unknown}
Potions
 h - a potion of cancellation {unknown}
 p - a potion of curing {unknown}
 q - a potion of ambrosia {unknown}
 r - a potion of agility
Comestibles
 c - 8 rations


   Skills:
 - Level 1.0 Fighting
 + Level 2.6 Dodging
 - Level 5.3 Stealth
 + Level 5.2 Unarmed Combat
 + Level 4.4 Spellcasting
 - Level 2.0 Transmutations


You had 4 spell levels left.
You knew the following spells:

 Your Spells              Type           Power        Failure   Level  Hunger
a - Beastly Appendage     Tmut           #.....       8%          1    None
b - Sticks to Snakes      Tmut           #.......     12%         2    ##.....
c - Spider Form           Tmut/Pois      #.........   34%         3    ###....
d - Ice Form              Ice/Tmut       #.......     75%         4    ####...

Your spell library contained the following spells:

 Spells                   Type           Power        Failure   Level  Hunger
 Blade Hands              Tmut           #.........   91%         5    ######.


Dungeon Overview and Level Annotations

Branches:
Dungeon (4/15)
 Temple: D:4-7

Altars:
Cheibriados
Trog

Annotations:
D:3 Sigmund


Innate Abilities, Weirdness & Mutations

You cannot wear most types of armour.
You are very stealthy in the water. (Stealth+)
You are amphibious.
You can wear up to eight rings at the same time.
You can use your tentacles to constrict eight enemies at once.
Your skin changes colour to match your surroundings (Stealth+).
Your rubbery body absorbs attacks. (AC +1, EV +1)
One of your tentacles bears a large vicious spike.


Message History

You barely miss something.
Your tentacle spike misses something.
Something hits you.
You closely miss something.
Your tentacle spike misses something.
You barely miss something.
Your tentacle spike misses something.
You squeeze something. Something hits you.
You barely miss something.
Your tentacle spike misses something.
Something barely misses you.
You miss something.
Your tentacle spike misses something.
You closely miss something. Something hits you!
* * * LOW HITPOINT WARNING * * *
You miss something.
You pierce something.
You closely miss something.
You pierce something.
Something hits you.
* * * LOW HITPOINT WARNING * * *
It was a potion of agility.
You feel agile all of a sudden.
Your transformation is almost over.
You hear some strange, mumbled words.
Something tries to affect you, but you resist.
You tentacle-slap something.
Your tentacle spike misses something.
Something hits you!
You die...

,,,,,),* #. ,,,,,,,*
#################.
,,,,,,,*########.................
,,,,,,,,.^.......###############.
,,,,,,,*############ ##. ,,,,,,,*
#........# ####.. ,,,,,,,*
#........# #####.....
***,**,**##........# #.....##..
***,**,,........@..#####.######..
,,,,,,,,.........{....)..........
**,,****##......................<
*,,** ##........############..
*,** #.........#,,,* #.. *,*
#.#.........,***** *.. *,*
*#............,,,,****,,
*,********...............,,**,,,,
,,,,,,),,,..###..........,,,*,,,,


There were no monsters in sight!

Vanquished Creatures
  Grinder (D:4)
  2 hounds (D:4)
  A bullfrog skeleton (D:4)
  An orc priest (D:4)
  Jessica (D:2)
  Ijyb (D:3)
  3 worker ants
  5 adders
  An ooze (D:1)
  2 worms
  A dart slug (D:3)
  2 leopard geckos
  8 orcs
  5 giant cockroaches
  3 goblins
  4 hobgoblins
  A kobold (D:1)
  10 bats
  A frilled lizard (D:1)
  4 rats
57 creatures vanquished.

Notes
Turn   | Place    | Note
-------+----------+-------------------------------------------
     0 | D:1      | Gildeon the Octopode Transmuter began the quest for the
                  | Orb.
     0 | D:1      | Reached XP level 1. HP: 13/13 MP: 3/3
    44 | D:1      | Reached skill level 1 in Stealth
    75 | D:1      | Reached XP level 2. HP: 18/18 MP: 3/5
    83 | D:1      | Learned a level 2 spell: Sticks to Snakes
   713 | D:1      | Reached XP level 3. HP: 23/23 MP: 4/6
   722 | D:1      | Learned a level 3 spell: Spider Form
   829 | D:2      | Noticed Jessica
   833 | D:2      | Killed Jessica
   972 | D:2      | Reached XP level 4. HP: 20/28 MP: 6/8
  1577 | D:2      | Found a snail-covered altar of Cheibriados.
  2038 | D:3      | Reached XP level 5. HP: 26/33 MP: 7/9
  2208 | D:3      | Noticed Sigmund
  2387 | D:3      | Found a bloodstained altar of Trog.
  2490 | D:4      | Learned a level 4 spell: Ice Form
  2861 | D:4      | Noticed Grinder
  2862 | D:4      | Paralysed by Grinder for 2 turns
  2878 | D:4      | Killed Grinder
  2878 | D:4      | Reached skill level 5 in Stealth
  2878 | D:4      | Reached XP level 6. HP: 29/38 MP: 10/12
  2981 | D:4      | Reached skill level 5 in Unarmed Combat
  2981 | D:4      | Reached XP level 7. HP: 43/43 MP: 13/13
  3624 | D:3      | Noticed Ijyb
  3641 | D:3      | Killed Ijyb
  3892 | D:3      | Slain by Sigmund

Levels and vault maps discovered:
D:1:      ncdulo_lavacross, layout_loops_ring
D:2:      layout_loops_ring, lemuel_coloured_pillars_altar, uniq_jessica
D:3:      layout_rooms, overflow_temple_1_default, first_ration, uniq_ijyb,
          uniq_sigmund
D:4:      layout_basic, uniq_grinder

Skill      XL: |  1  2  3  4  5  6 |
---------------+-------------------+-----
Stealth        | 1 2 3 5 |  5.3
Spellcasting   | 3 4 |  4.4
Unarmed Combat | 4 5 |  5.2
Fighting       | |  1.0
Dodging        | |  2.6
Transmutations | |  2.0

Action                   |  1- 3 |  4- 6 |  7- 9 || total
-------------------------+-------+-------+-------++-------
Melee: Unarmed           |    47 |    74 |    47 ||   168
       Kick              |     8 |    11 |    10 ||    29
       Constrict         |    17 |    22 |     6 ||    45
       Tentacles         |    11 |    16 |    11 ||    38
       Punch             |     1 |     5 |     2 ||     8
 Fire: Hunting sling     |       |    24 |       ||    24
 Cast: Beastly Appendage |     7 |    10 |     2 ||    19
  Use: Scroll            |       |     3 |       ||     3
       Potion            |       |       |     1 ||     1
 Stab: Sleeping          |     7 |     3 |     1 ||    11
  Eat: Chunk             |       |     7 |     2 ||     9
Armor: Skin              |     7 |     5 |     1 ||    13
Dodge: Dodged            |    35 |    54 |    22 ||   111
